 Dungeon Crawl Stone Soup version 0.26.0-45-g9c1d065592 (webtiles) character file.

Game seed: 181854969342383423

122 Destapler the Caller (level 5, -4/35 (36) HPs)
             Began as a Merfolk Summoner on Jan 29, 2021.
             Slain by Crazy Yiuf
             ... wielding a +4 quarterstaff of chaos
              (18 damage)
             ... on level 3 of the Dungeon.
             The game lasted 00:10:13 (4191 turns).

Destapler the Caller (Merfolk Summoner)             Turns: 4191, Time: 00:10:15

HP:   -4/35 (36)    AC:  7    Str:  9    XL:     5   Next: 6%
MP:   7/9           EV: 12    Int: 14    God:
Gold: 160           SH:  0    Dex: 15    Spells: 8/9 levels left

rFire    . . .     SeeInvis .   c - +1 whip (holy)
rCold    . . .     Faith    .   (no shield)
rNeg     . . .     Spirit   .   l - +0 ring mail
rPois    .         Reflect  .   k - +1 helmet
rElec    .         Harm     .   (no cloak)
rCorr    .         Rampage  .   (no gloves)
Will     .....                  (no boots)
Stlth    ++........             (no amulet)
HPRegen  0.11/turn              (no ring)
MPRegen  0.11/turn              (no ring)

@: lethally poisoned (-4 -> -8), very slightly contaminated, hasted, lightly
drained, very quick
A: change form in water, swift swim, stealthy swim
a: no special abilities


You were on level 3 of the Dungeon.
You visited 1 branch of the dungeon, and saw 3 of its levels.

You collected 160 gold pieces.

Inventory:

Hand Weapons
 c - a +1 whip of holy wrath (weapon)
 v - a +0 spear
Missiles
 d - 2 javelins
 m - 12 boomerangs
 t - 10 poisoned darts
Armour
 a - a +0 robe
 k - a +1 helmet (worn)
 l - a +0 ring mail (worn)
Scrolls
 f - 6 scrolls of identify {unknown}
 h - a scroll of fear {unknown}
 i - 2 scrolls of enchant weapon {unknown}
 j - 2 scrolls of remove curse {unknown}
 n - a scroll of blinking {unknown}
 o - a scroll of random uselessness {unknown}
 p - a scroll of noise {unknown}
 q - 2 scrolls of immolation {unknown}
Potions
 b - 2 potions of curing {unknown}
 e - a potion of invisibility {unknown}
 g - 2 potions of lignification {unknown}
 r - 2 potions of heal wounds {unknown}
 s - a potion of experience {unknown}
 u - a potion of magic {unknown}
 w - a potion of brilliance {unknown}
 x - a potion of resistance {unknown}
 z - 2 potions of mutation {unknown}
 A - a potion of might {unknown}


   Skills:
 + Level 0.5 Fighting
 + Level 0.6 Polearms
 + Level 4.0 Dodging
 + Level 3.4 Stealth
 + Level 2.9 Spellcasting
 - Level 4.5 Summonings


You had 8 spell levels left.
You knew the following spells:

 Your Spells              Type           Power        Failure   Level
a - Summon Small Mammal   Summ           56%          10%         1

Your spell library contained the following spells:

 Spells                   Type           Power        Failure   Level
 Call Imp                 Summ           14%          14%         2
 Call Canine Familiar     Summ           14%          28%         3
 Summon Guardian Golem    Hex/Summ       8%           58%         3
 Confusing Touch          Hex            2%           88%         3
 Gell's Gravitas          Tloc           1%           88%         3
 Summon Ice Beast         Ice/Summ       8%           94%         4
 Summon Lightning Spire   Summ/Air       8%           94%         4
 Petrify                  Tmut/Erth      2%           99%         4
 Metabolic Englaciation   Hex/Ice        1%           100%        5
 Yara's Violent Unravell  Hex/Tmut       1%           100%        5


Dungeon Overview and Level Annotations

Branches:
Dungeon (3/15)

Altars:

Annotations:
D:3 Crazy Yiuf, Sigmund


Message History

Your bat hits Crazy Yiuf. Crazy Yiuf hits you but does no damage.
You feel drained.
You closely miss Crazy Yiuf.
Crazy Yiuf is lightly wounded.
You feel sick.
Crazy Yiuf hits you with a +4 quarterstaff of chaos!
* * * LOW HITPOINT WARNING * * *
You feel yourself speed up.
Your bat hits Crazy Yiuf but does no damage.
You hit Crazy Yiuf but do no damage.
Crazy Yiuf is lightly wounded.
Your bat closely misses Crazy Yiuf.
Crazy Yiuf hits you but does no damage.
You hit Crazy Yiuf but do no damage.
Crazy Yiuf is lightly wounded.
Your bat hits Crazy Yiuf.
Crazy Yiuf hits you with a +4 quarterstaff of chaos.
* * * LOW HITPOINT WARNING * * *
You are electrocuted!!
Ouch! That really hurt!
You die...

.## #.#
#.....))###.#.....
## #.# #######.#
#.#####. #)# #.#
#.# #. #.# #####
#####.#####. # #.#
#..)# #..##.......
## #.# #..b#
##.#######.. .##
#.# ... ##.# ##...
..## ##.## #g#
#(.## ##....
...####...## ♣♣@♣
#...###.....
...+.......# ♣.♣♣
#.....'.....
...####...## ♣♣.♣
#...###..... ..##
#..## ♣.♣♣ #.#.#
##.... .## #.##
♣♣.♣♣ ###.# ##...
##### #.# ♣..P♣♣
#.# ##.. ....# #.#
♣♣..P♣ ###.# ##'
###.# #.# #....#
#...# #. ###<###.#
#....####...# #.


You could see Crazy Yiuf and a friendly bat (summoned).

Vanquished Creatures
  3 adders
  3 dart slugs
  A worm (D:3)
  4 orcs (D:3)
  A ball python (D:1)
  5 bats
  4 giant cockroaches
  10 goblins
  6 hobgoblins
  5 jackals
  12 kobolds
  2 quokkas (D:2)
  4 frilled lizards
  3 rats
63 creatures vanquished.

Vanquished Creatures (collateral kills)
  An adder (D:2)
  A worm (D:2)
  A leopard gecko (D:2)
  3 jackals
  A bat (D:2)
7 creatures vanquished.

Vanquished Creatures (others)
  3 fungi (D:3)
3 creatures vanquished.

Grand Total: 73 creatures vanquished

Notes
Turn   | Place    | Note
-------+----------+-------------------------------------------
     0 | D:1      | Destapler the Merfolk Summoner began the quest for the Orb.
     0 | D:1      | Reached XP level 1. HP: 13/13 MP: 3/3
    68 | D:1      | Reached XP level 2. HP: 11/19 MP: 5/5
   737 | D:1      | Reached XP level 3. HP: 22/24 MP: 6/6
  1872 | D:2      | Reached XP level 4. HP: 28/30 MP: 7/7
  3272 | D:3      | Noticed Sigmund
  3791 | D:3      | Reached XP level 5. HP: 21/36 MP: 9/9
  4180 | D:3      | Found a runed translucent door.
  4181 | D:3      | Noticed Crazy Yiuf
  4191 | D:3      | Slain by Crazy Yiuf

Illustrated notes

Levels and vault maps discovered:
D:1:      dpeg_arrival_pond, layout_loops_ring, serial_forest,
          infiniplex_forest_clump_double, infiniplex_forest_end_2,
          infiniplex_forest_join, infiniplex_forest_lined_4_way,
          infiniplex_forest_straight_5, infiniplex_forest_lined_2,
          infiniplex_forest_lined_3_way, infiniplex_forest_straight_2,
          chequers_arboretum, corexii_corridor_pit, minmay_circled_x
D:2:      layout_loops_corners
D:3:      layout_loops_corners, uniq_sigmund, uniq_crazy_yiuf_cottage

Skill      XL: |  1  2  3  4  5 |
---------------+----------------+-----
Dodging        | 3 4 |  4.0
Stealth        | 3 |  3.4
Fighting       | |  0.5
Polearms       | |  0.6
Spellcasting   | |  2.9
Summonings     | |  4.5

Action                   |  1- 3 |  4- 6 || total
-------------------------+-------+-------++-------
Melee: Whip              |   136 |   165 ||   301
       Tailslap          |     2 |       ||     2
 Cast: Summon Small Mamm |     9 |     5 ||    14
 Stab: Sleeping          |     3 |     3 ||     6
Armor: Robe              |     9 |       ||     9
       Ring mail         |    46 |    61 ||   107
Dodge: Dodged            |    94 |    96 ||   190
